 Dungeon Crawl Stone Soup version 0.32-a0-132-g2d33c3cfaf (webtiles) character file.

Game seed: 15819045812945541512

58 BubbleThief the Chopper (level 4, -1/41 HPs)
             Began as a Hill Orc Fighter on Feb 9, 2024.
             Killed from afar by an orc wizard (8 damage)
             ... with a magic dart
             ... on level 2 of the Dungeon.
             The game lasted 00:01:22 (686 turns).

BubbleThief the Chopper (Hill Orc Fighter)           Turns: 686, Time: 00:01:23

Health: -1/41      AC:  6    Str: 20    XL:     4   Next: 2%
Magic:  0/4        EV:  9    Int:  8    God:
Gold:   68         SH:  4    Dex: 10    Spells: 3/3 levels left

rFire   . . .        a - +0 war axe
rCold   + . .        c - +0 buckler
rNeg    . . .        b - +0 scale mail
rPois   .            (no helmet)
rElec   .            (no cloak)
rCorr   .            (no gloves)
SInv    .            (no boots)
Will    .....        i - amulet of guardian spirit Stlth
                     m - ring of protection from cold
HPRegen 0.26/turn    (no ring)
MPRegen 0.09/turn

%: guardian spirit
@: no status effects
A: no striking features
a: no special abilities


You were on level 2 of the Dungeon.
You visited 1 branch of the dungeon, and saw 2 of its levels.

You collected 68 gold pieces.

Inventory:

Hand Weapons
 a - a +0 war axe (weapon)
Armour
 b - a +0 scale mail (worn)
 c - a +0 buckler (worn)
Jewellery
 i - an amulet of guardian spirit (around neck)
 m - a ring of protection from cold (left hand)
Scrolls
 e - 3 scrolls of identify {unknown}
 f - a scroll of vulnerability {unknown}
 g - a scroll of silence {unknown}
 k - a scroll of revelation {unknown}
 l - a scroll of noise {unknown}
Potions
 d - a potion of might
 h - a potion of curing {unknown}
 j - a potion of heal wounds {unknown}


   Skills:
 + Level 4.4 Fighting
 * Level 4.8 Axes
 - Level 3.2 Armour
 - Level 3.2 Shields


You had 3 spell levels left.
You didn't know any spells.
Your spell library contained the following spells:

 Spells                   Type           Power      Damage    Failure   Level
 Magic Dart               Conj           0%         1d3       83%         1
 Blink                    Tloc           0%         N/A       93%         2
 Call Imp                 Summ           0%         N/A       93%         2
 Ensorcelled Hibernation  Hex/Ice        0%         N/A       93%         2
 Passwall                 Erth           0%         N/A       99%         3
 Swiftness                Air            0%         N/A       99%         3


Dungeon Overview and Level Annotations

Branches:
Dungeon (2/15)

Altars:


Message History

You hit the orc.
The orc is lightly wounded.
The orc barely misses you.
You bump into the rock wall.
The orc hits you with a +0 flail.
You bump into the rock wall.
The orc hits you but does no damage.
You bump into the rock wall.
The orc barely misses you.
You closely miss the orc.
The orc is lightly wounded.
The orc hits you with a +0 flail.
You bump into the rock wall.
The orc hits you with a +0 flail.
You miss the orc.
The orc is lightly wounded.
The orc barely misses you. The orc closely misses you.
You feel less confused.
You barely miss the orc. The orc closely misses you.
You slash the orc!
You kill the orc!
You hear some strange, mumbled words.
You are confused.
You have reached level 4!
You bump into the rock wall.
You closely miss something. Something hits you.
* * * LOW HITPOINT WARNING * * *
You hear some strange, mumbled words.
A puff of flame appears from out of thin air!
The puff of flame misses you.
Unknown command.
You feel less confused. Something hits you but does no damage.
You barely miss something. Something hits you.
* * * LOW HITPOINT WARNING * * *
Something hits you but does no damage.
You hit something. Something hits you but does no damage.
You closely miss something. Something hits you.
* * * LOW HITPOINT WARNING * * *
You barely miss something.
You hear some strange, mumbled words.
A magic dart appears from out of thin air!
The magic dart hits you!
You die...

#............
###.#..........
##...#..........
###..###..........
+.#.## ###########
#.#.# ####...#
#....)## #...##@##
#.# #{# . #)# #.#
... ..... #......
#....... #........


There were no monsters in sight!

Vanquished Creatures
  Terence (D:2)
  2 dart slugs (D:1)
  2 orcs (D:2)
  A bat (D:1)
  3 endoplasms
  A giant cockroach (D:1)
  2 goblins
  3 hobgoblins
  2 jackals (D:1)
  3 quokkas
  3 ball pythons
  3 frilled lizards
  A rat (D:1)
27 creatures vanquished.

Notes
Turn   | Place    | Note
-------+----------+-------------------------------------------
     0 | D:1      | BubbleThief the Hill Orc Fighter began the quest for the
                  | Orb.
     0 | D:1      | Reached XP level 1. HP: 19/19 MP: 1/1
    93 | D:1      | Reached XP level 2. HP: 27/27 MP: 2/2
   323 | D:1      | Reached XP level 3. HP: 33/33 MP: 3/3
   546 | D:2      | Noticed Terence
   558 | D:2      | Killed Terence
   678 | D:2      | Reached XP level 4. HP: 16/41 MP: 1/4
   686 | D:2      | Killed from afar by an orc wizard

Illustrated notes

Levels and vault maps discovered:
D:1:      dpeg_arrival_rooms_a, layout_rooms
D:2:      layout_basic, chequers_ecumenical_altar_lobes, serial_bayou_pond_e,
          minmay_pentomino_x4, uniq_terence

Skill      XL: |  1  2 |
---------------+-------+-----
Axes           | 3 4 |  4.8
Fighting       | 4 |  4.4
Armour         | |  3.2
Shields        | |  3.2

Action                     |  1- 3 |  4- 6 || total
---------------------------+-------+-------++-------
  Melee: War axe           |    93 |     5 ||    98
 Armour: Scale mail        |    50 |     7 ||    57
  Dodge: Dodged            |    46 |     1 ||    47
  Block: Buckler           |    25 |       ||    25

Table legend: (Time is in decaauts)
 A = Elapsed time spent in this place.
 B = Non-inter-level travel time spent in this place.
 C = Inter-level travel time spent in this place.
 D = Time resting spent in this place.
 E = Time spent auto-exploring this place.
 F = Levels seen in this place.
 G = Mean time per level.
                   A        B        C        D        E       F      G
               +--------+--------+--------+--------+--------+-----+--------+
         Total |    717 |    688 |     29 |      0 |    442 |   2 |  358.5 |
       Dungeon |    717 |    688 |     29 |      0 |    442 |   2 |  358.5 |
               +--------+--------+--------+--------+--------+-----+--------+

Top non-repeatable levels by time:
     D:1: 453 daAuts
     D:2: 263 daAuts
